 Dungeon Sprint DCSS version 0.32-a0-799-g95e1662365 (webtiles) character file.

Game seed: 15581362197714218434

189 rocky1 the Trooper (level 5, -5/38 HPs)
             Began as a Gargoyle Fighter on Mar 22, 2024.
             Slain by an ogre
             ... wielding a +0 giant club
              (17 damage)
             ... in the Dungeon (Sprint IX: "|||||||||||||||||||||||||||||").
             The game lasted 00:00:20 (152 turns).

rocky1 the Trooper (Gargoyle Fighter)                Turns: 152, Time: 00:00:20

Health: -5/38      AC: 11    Str: 21    XL:     5   Next: 68%
Magic:  5/5        EV:  8    Int:  9    God:
Gold:   0          SH:  5    Dex:  9    Spells: 4/4 levels left

rFire   . . .        a - +0 flail
rCold   . . .        c - +0 buckler
rNeg    + . .        b - +0 scale mail
rPois   ∞            (no helmet)
rElec   +            (no cloak)
rCorr   .            (no gloves)
SInv    .            (no boots)
Will    .....        (no amulet) Stlth
                     (no ring)
HPRegen 0.26/turn    (no ring)
MPRegen 0.09/turn

%: no teleportation
@: no status effects
A: sickness immunity, AC +4, negative energy resistance 1, electricity
resistance, torment resistance 1, petrification resistance
a: no special abilities


You were in the Dungeon.
You visited 1 branch

Inventory:

Hand Weapons
 a - a +0 flail (weapon)
Armour
 b - a +0 scale mail (worn)
 c - a +0 buckler (worn)
Scrolls
 j - a scroll of blinking
Potions
 d - a potion of might
 e - a potion of curing
 g - a potion of haste
 h - 2 potions of magic
 i - a potion of berserk rage


   Skills:
 + Level 7.0 Fighting
 + Level 6.0 Maces & Flails
 + Level 6.7 Armour
 + Level 0.6 Dodging
 + Level 6.8 Shields


You had 4 spell levels left.
You didn't know any spells.
Your spell library was empty.

Dungeon Overview and Level Annotations

Branches:
Dungeon (1/1)

Altars:


Innate Abilities, Weirdness & Mutations

You are immune to sickness and miasma.
Your stone body is resilient. (AC +4)
You are immune to poison.
You resist negative energy. (rN+)
You are resistant to electric shocks. (rElec)
You are resistant to unholy torment.
You are immune to petrification.


Message History

The ice beast is almost dead.
The ice beast barely misses you.
You sock the ice beast!
You kill the ice beast!
Your Fighting skill increases to level 6!
Your Maces & Flails skill increases to level 5!
Your Armour skill increases to level 6!
Your Shields skill increases to level 6!
You have reached level 5!
You sock the shadow imp!
The shadow imp is severely wounded.
The shadow imp hits you. The shadow imp barely misses you.
You hit the shadow imp.
The shadow imp is almost dead.
The shadow imp hits you but does no damage.
You completely miss the shadow imp.
The shadow imp is almost dead.
The shadow imp hits you but does no damage.
You barely miss the shadow imp.
The shadow imp is almost dead.
The shadow imp hits you but does no damage.
You hit the shadow imp.
You kill the shadow imp!
Your Fighting skill increases to level 7!
Your Maces & Flails skill increases to level 6!
You hit the ogre.
The ogre is moderately wounded.
The ogre closely misses you.
You sock the ogre!
The ogre is heavily wounded.
The ogre hits you with a +0 giant club!!
Ouch! That really hurt!
* * * LOW HITPOINT WARNING * * *
You sock the ogre!
The ogre is almost dead.
You feel much better. The ogre hits you with a +0 giant club!
You hit the ogre.
The ogre is almost dead.
The ogre hits you with a +0 giant club!
You die... ▓▓▓▓▓▓▓▓▓▓▓▓▓▓▓▓▓▓ ▓<...††...@Oo....+ ▓▓▓▓▓▓▓▓▓▓▓▓▓▓▓▓▓▓

You could see an ogre and an orc.

Vanquished Creatures
  An ice beast (D)
  A phantom (D)
  A shadow imp (D)
  A dart slug (D)
  A hobgoblin (D)
  3 rats (D)
8 creatures vanquished.

Notes
Turn   | Place    | Note
-------+----------+-------------------------------------------
     0 | D        | rocky1 the Gargoyle Fighter began the quest for the Orb.
     0 | D        | Reached XP level 1. HP: 14/14 MP: 1/1
    20 | D        | Reached skill level 4 in Fighting
   125 | D        | Noticed a phantom
   125 | D        | Noticed an ice beast
   125 | D        | Noticed an ogre
   135 | D        | Killed a phantom
   136 | D        | Reached skill level 5 in Fighting
   136 | D        | Reached skill level 5 in Armour
   136 | D        | Reached skill level 5 in Shields
   136 | D        | Reached XP level 2. HP: 22/22 MP: 2/2
   136 | D        | Reached XP level 3. HP: 27/27 MP: 3/3
   136 | D        | Reached XP level 4. HP: 32/32 MP: 4/4
   142 | D        | Killed an ice beast
   143 | D        | Reached skill level 6 in Fighting
   143 | D        | Reached skill level 5 in Maces & Flails
   143 | D        | Reached XP level 5. HP: 25/37 MP: 5/5
   148 | D        | Reached skill level 7 in Fighting
   149 | D        | HP: 1/38 [ogre/+0 giant club (24)]
   152 | D        | Slain by an ogre

Illustrated notes

Levels and vault maps discovered:
D:        linesprint [early_d, line_temple, items_1, d_10, items_2, lair_1,
          lair_end, items_3, orc_1, orc_end, items_4, d_15, swamp_1, shoals_1,
          snake_1, spider_1, d_20, vaults_1, items_5, swamp_end, shoals_end,
          snake_end, spider_end, vaults_end, d_27, items_6, zot_1, zot_end,
          crypt_end, forest_end, elf_end, slime_end, tomb_end, abyss_end,
          pan_hell_end]

Skill      XL: |  1  2  3  4  5 |
---------------+----------------+-----
Fighting       | 5 6 7 |  7.0
Maces & Flails | 4 5 6 |  6.0
Armour         | 5 6 |  6.7
Shields        | 5 6 |  6.8
Dodging        | |  0.6

Action                     |  1- 3 |  4- 6 || total
---------------------------+-------+-------++-------
  Melee: Flail             |    25 |    16 ||    41
    Use: Potion            |       |     1 ||     1
 Armour: Scale mail        |    13 |    11 ||    24
  Dodge: Dodged            |     8 |     5 ||    13
  Block: Buckler           |     5 |       ||     5

Table legend: (Time is in decaauts)
 A = Elapsed time spent in this place.
 B = Non-inter-level travel time spent in this place.
 C = Inter-level travel time spent in this place.
 D = Time resting spent in this place.
 E = Time spent auto-exploring this place.
 F = Levels seen in this place.
 G = Mean time per level.
                   A        B        C        D        E       F      G
               +--------+--------+--------+--------+--------+-----+--------+
         Total |    162 |    162 |      0 |    100 |      0 |   1 |  162.0 |
       Dungeon |    162 |    162 |      0 |    100 |      0 |   1 |  162.0 |
               +--------+--------+--------+--------+--------+-----+--------+

Top non-repeatable levels by time:
       D: 162 daAuts
